 Dungeon Crawl Stone Soup version 0.18-a0-1523-gbe15c29 (webtiles) character file.

26 Kidiri the Ogre Mage (level 3, -5/32 HPs)
             Began as an Ogre Ice Elementalist on Mar 4, 2016.
             Slain by a worm (11 damage)
             ... on level 2 of the Dungeon on Mar 7, 2016.
             The game lasted 00:07:05 (1634 turns).

Kidiri the Ogre Mage (Ogre Ice Elementalist)        Turns: 1634, Time: 00:07:06

Health: -5/32      AC:  3    Str: 13    XL:     3   Next: 8%
Magic:  0/6        EV: 10    Int: 15    God:
Gold:   45         SH:  0    Dex: 10    Spells: 3 memorised, 1 level left

rFire  . . .     SeeInvis .     e - +0 club
rCold  . . .     Gourm    .     a - +0 robe
rNeg   . . .     Faith    .     (no shield)
rPois  .         Spirit   .     (helmet restricted)
rElec  .         Dismiss  .     (no cloak)
rCorr  .         Reflect  .     (gloves unavailable)
SustAt .         Harm     .     (boots unavailable)
MR     .....                    (no amulet)
Stlth  +.........               (no ring)
                                (no ring)

@: not resistant to hostile enchantments, very unstealthy
A: unfitting armour, tough skin 1
a: no special abilities


You were on level 2 of the Dungeon.
You were not hungry.

You visited 1 branch of the dungeon, and saw 2 of its levels.

You collected 45 gold pieces.

Inventory:

Hand Weapons
 e - a +0 club (weapon)
Armour
 a - a +0 robe (worn)
Scrolls
 g - a scroll of immolation {unknown}
 j - a scroll of noise
 l - a scroll of recharging {unknown}
Potions
 d - a potion of magic
 i - a potion of haste
Books
 b - a book of Frost

   Spells                             Type                      Level
   a - Freeze                         Ice                          1
   b - Throw Frost                    Conjuration/Ice              2
   c - Ozocubu's Armour               Charms/Ice                   3
   d - Throw Icicle                   Conjuration/Ice              4
   e - Summon Ice Beast               Ice/Summoning                4
Comestibles
 c - 2 bread rations
 f - 3 chunks of flesh
 h - a slice of pizza
 k - a meat ration


   Skills:
 + Level 0.3 Fighting
 + Level 1.0 Maces & Flails
 + Level 2.0 Dodging
 + Level 2.1 Stealth
 * Level 2.6 Spellcasting
 + Level 0.9 Conjurations
 + Level 2.3 Ice Magic


You had one spell level left.
You knew the following spells:

 Your Spells              Type           Power        Failure   Level  Hunger
a - Freeze                Ice            #...         12%         1    #......
b - Throw Frost           Conj/Ice       #.....       17%         2    ###....
c - Ozocubu's Armour      Chrm/Ice       #.......     43%         3    ###....


Dungeon Overview and Level Annotations

Branches:
Dungeon (2/15)

Altars:
Cheibriados


Innate Abilities, Weirdness & Mutations

You are too large for most types of armour.
You have tough skin (AC +1).


Message History

The worm is severely wounded.
You hit the worm.
The worm is almost dead.
The worm bites you!
* * * LOW HITPOINT WARNING * * *
Casting: Freeze
Confirm with . or Enter, or press ? or * to list all spells.
You can't see any susceptible monsters within range! (Use Z to cast anyway.) Unknown command.
Casting: Freeze
Confirm with . or Enter, or press ? or * to list all spells.
Aiming: Freeze
Press: ? - help, Shift-Dir - straight line, f/p - worm
Aim: a worm (severely wounded)
You freeze the worm.
The worm is almost dead.
You hit the worm but do no damage.
The worm is almost dead.
The worm bites you!
You die...

..... .... #.. ## #.# #.
########.####### #.
.......)........ #.
########.###.#.#
###.############.....#..
#..>..w@................
################....)...
#.######. #.# #.
#.....##. ###...###
#...... #...... #......


You could see a worm.

Vanquished Creatures
  2 giant geckos (D:1)
  2 bats
  5 goblins
  5 hobgoblins
  3 kobolds
  2 giant newts
  2 rats
21 creatures vanquished.

Notes
Turn   | Place    | Note
--------------------------------------------------------------
     0 | D:1      | Kidiri the Ogre Ice Elementalist began the quest for the Orb.
     0 | D:1      | Reached XP level 1. HP: 16/16 MP: 3/3
     0 | D:1      | Upgraded the game from 0.18-a0-1497-g788d838 to 0.18-a0-1523-gbe15c29
   699 | D:1      | Reached XP level 2. HP: 26/26 MP: 1/5
   706 | D:1      | Learned a level 2 spell: Throw Frost
  1230 | D:2      | Found a snail-covered altar of Cheibriados.
  1503 | D:2      | Reached XP level 3. HP: 24/32 MP: 1/6
  1508 | D:2      | Learned a level 3 spell: Ozocubu's Armour
  1531 | D:2      | Reached skill level 1 in Maces & Flails
  1634 | D:2      | Slain by a worm

Vault maps used:
D:1:      lightli_arrival_statuegarden
D:2:      cheibriados_altar_1

Skill      XL: |  1  2  3 |
---------------+----------+-----
Stealth        | 2 |  2.1
Dodging        | 2 |  2.0
Maces & Flails | 1 |  1.0
Fighting       | |  0.3
Spellcasting   | |  2.6
Conjurations   | |  0.9
Ice Magic      | |  2.3

Action                   || total
-------------------------++-------
Melee: Whip              ||     6
       Club              ||    15
 Cast: Freeze            ||    35
       Throw Frost       ||     6
  Use: Scroll            ||     3
  Eat: Chunk             ||     3
